 Dungeon Crawl Stone Soup version 0.22-a0-91-g23542c2 (webtiles) character file.

269 4thArraOfDagon the Caller (level 6, -7/25 HPs)
             Began as a Felid Summoner on Jan 22, 2018.
             Was a Follower of Dithmenos.
             Mangled by an ogre
             ... wielding a +0 giant club
              (22 damage)
             ... on level 5 of the Dungeon.
             The game lasted 00:13:55 (2630 turns).

4thArraOfDagon the Caller (Felid Summoner)          Turns: 2630, Time: 00:13:55

Health: -7/25      AC:  2    Str:  4    XL:     6   Next: 1%
Magic:  10/10      EV: 19    Int: 19    God:    Dithmenos [*.....]
Gold:   150        SH:  0    Dex: 16    Spells: 5/9 levels left
                                        Lives:  0   Deaths: 1

rFire    . . .     SeeInvis +     - Unarmed
rCold    . . .     Gourm    .   (shield unavailable)
rNeg     . . .     Faith    .   (armour unavailable)
rPois    .         Spirit   .   (helmet unavailable)
rElec    .         Reflect  .   (cloak unavailable)
rCorr    .         Harm     .   (gloves unavailable)
MR       .....                  (boots unavailable)
Stlth    ++++......             (no amulet)
HPRegen  0.08/turn              (no ring)
MPRegen  0.12/turn              (no ring)

@: wreathed by umbra, quick
A: very small, no armour, no weapons or thrown items, stealth, claws 1, fangs 3,
see invisible, carnivore, speed 1, shaggy fur 2, slow metabolism 1, sharp paws
a: Renounce Religion


You were on level 5 of the Dungeon.
You worshipped Dithmenos.
Dithmenos was aware of your devotion.
You were very full.

You visited 2 branches of the dungeon, and saw 6 of its levels.

You collected 150 gold pieces.

Inventory:

Wands
 m - a wand of iceblast (5)
Scrolls
 c - a scroll of teleportation {unknown}
 d - 3 scrolls of identify {unknown}
 e - a scroll of enchant armour {unknown}
 g - a scroll of magic mapping {unknown}
 j - a scroll of amnesia {unknown}
 n - 2 scrolls of remove curse {unknown}
Potions
 f - 2 potions of haste {unknown}
 h - 2 potions of resistance {unknown}
 i - a potion of might {unknown}
 k - a potion of flight {unknown}
 l - 3 potions of berserk rage {unknown}
 o - a potion of brilliance {unknown}
 p - a potion of ambrosia {unknown}
 q - a potion of cancellation {unknown}
 r - a potion of degeneration {unknown}
Books
 a - a book of Callings

   Spells                             Type                      Level
   a - Summon Small Mammal            Summoning                    1
   b - Call Imp                       Summoning                    2
   c - Call Canine Familiar           Summoning                    3
   d - Summon Guardian Golem          Hexes/Summoning              3
   e - Summon Lightning Spire         Summoning/Air                4
   f - Summon Ice Beast               Ice/Summoning                4
Comestibles
 b - 5 rations


   Skills:
 + Level 1.5 Fighting
 + Level 3.6 Dodging
 + Level 4.0 Stealth
 * Level 4.5 Unarmed Combat
 - Level 2.0 Spellcasting
 * Level 4.6 Summonings
 + Level 1.6 Invocations


You had 5 spell levels left.
You knew the following spells:

 Your Spells              Type           Power        Failure   Level  Hunger
a - Summon Small Mammal   Summ           ###.         2%          1    #......
b - Call Canine Familiar  Summ           ###.....     8%          3    ###....


Dungeon Overview and Level Annotations

Branches:
Dungeon (5/15)             Temple (1/1) D:4

Altars:
Cheibriados
Dithmenos
Elyvilon
Fedhas
Gozag
Hepliaklqana
Kikubaaqudgha
Nemelex Xobeh
Okawaru
Qazlal
Ru
Sif Muna
Uskayaw
Vehumet
Wu Jian
Yredelemnul

Annotations:
D:4 Edmund, Natasha, Pikel


Innate Abilities, Weirdness & Mutations

You cannot wear armour.
You are incapable of wielding weapons or throwing items.
Your paws allow you to move quietly. (Stealth)
You have sharp claws.
You have razor-sharp teeth.
You have supernaturally acute eyesight. (SInv)
You are carnivorous and can eat meat at any time.
You cover ground quickly.
You are covered in thick fur. (AC +2)
You have a slow metabolism.
Your sharp claws are effective at attacking unaware monsters.


Message History

You see here an adder corpse.
You butcher the adder corpse.
You see here 2 chunks of flesh.
Eat one of 2 chunks of flesh? (ye/n/q)
You eat one of the 2 chunks of flesh.
This raw flesh tastes great.
You feel sick.
Eat a chunk of flesh? (ye/n/q)
You eat the chunk of flesh.
This raw flesh tastes great.
You feel sick.
You feel sick.
You are no longer poisoned.
An ogre comes into view. It is wielding a giant club.
Unknown command.
Unknown command.
Unknown command.
Unknown command.
The ogre shouts!
The ogre hits you with a giant club!!
Ouch! That really hurt!
You die...

.###.#.###
#.##<......#
.........#
#.###.####.#
.......#.#
#.###.#
.###.###.#
#...#.# # .# #.#
# ###.#.# .### .#
#.# #.#.####....
.###.#
#####.#.....#####
...#.#
#..O#.h.........#
.#.....
#.@............
.###.#.#
#...#######.##...
.. # ##.# .# .#.
#. # .$.# # .. #
##


You could see an ogre and a friendly hound.

Vanquished Creatures
  An ogre (D:4)
  Blork the orc (D:4)
  A hound (D:4)
  A bullfrog skeleton (D:4)
  Natasha (D:4)
  A hound skeleton (D:5)
  3 adders
  An adder zombie (D:5)
  A worm (D:4)
  A dart slug (D:2)
  2 leopard geckos
  3 orcs (D:3)
  2 ball pythons
  6 giant cockroaches
  5 goblins
  4 hobgoblins
  A quokka (D:2)
  2 bats (D:2)
  4 frilled lizards
  A jackal skeleton (D:4)
  3 kobolds
  A quokka zombie (D:4)
  3 rats
49 creatures vanquished.

Vanquished Creatures (collateral kills)
  An iguana (D:4)
  A worker ant (D:4)
  3 adders
  An ooze (D:2)
  3 worms
  3 orcs (D:3)
  2 bats
  A giant cockroach (D:3)
  A goblin (D:2)
  3 hobgoblins
  A kobold (D:2)
  A frilled lizard (D:3)
  2 rats (D:2)
23 creatures vanquished.

Grand Total: 72 creatures vanquished

Notes
Turn   | Place    | Note
-------+----------+-------------------------------------------
     0 | D:1      | 4thArraOfDagon the Felid Summoner began the quest for the Orb.
     0 | D:1      | Reached XP level 1. HP: 7/7 MP: 4/4
    96 | D:1      | Reached skill level 1 in Unarmed Combat
   204 | D:2      | Reached XP level 2. HP: 5/11 MP: 4/6
   255 | D:2      | Found a blossoming altar of Fedhas.
   502 | D:3      | You fall through a shaft!
   504 | D:4      | :O
   519 | D:4      | Noticed Edmund
   534 | D:4      | Noticed Blork the orc
   534 | D:4      | Noticed an ogre
   539 | D:4      | :O
   563 | D:4      | how Im survivte this
   566 | D:3      | Reached XP level 3. HP: 14/14 MP: 7/7
   596 | D:3      | Learned a level 3 spell: Call Canine Familiar
   641 | D:4      | Noticed a slave
   645 | D:4      | Noticed a slave
   650 | D:4      | Noticed Pikel
   650 | D:4      | Noticed a slave
   650 | D:4      | HOW'
   754 | D:4      | Found a staircase to the Ecumenical Temple.
   833 | Temple   | Entered the Ecumenical Temple
  1056 | Temple   | Became a worshipper of Dithmenos the Shadowed
  1141 | D:4      | Reached XP level 4. HP: 10/18 MP: 4/8
  1167 | D:4      | Noticed Natasha
  1786 | D:3      | Found a snail-covered altar of Cheibriados.
  1799 | D:3      | Reached * piety under Dithmenos
  2050 | D:4      | Killed Natasha
  2050 | D:4      | Reached skill level 1 in Invocations
  2050 | D:4      | Reached XP level 5. HP: 10/21 MP: 5/9
  2068 | D:4      | Reached skill level 1 in Fighting
  2218 | D:4      | Slain by an ogre
  2219 | D:4      | Reached XP level 4. HP: -1/19 MP: 8/8
  2341 | D:4      | Killed an ogre
  2341 | D:4      | Reached XP level 5. HP: 22/22 MP: 1/9
  2389 | D:4      | Killed Blork the orc
  2461 | D:5      | Entered Level 5 of the Dungeon
  2519 | D:4      | Noticed Natasha
  2578 | D:5      | Noticed an ogre
  2597 | D:5      | Gained mutation: You are covered in thick fur. (AC +2) [Felid growth]
  2597 | D:5      | Reached XP level 6. HP: 15/25 MP: 6/10
  2630 | D:5      | Mangled by an ogre

Vault maps used:
D:1:      minmay_arrival_solitary_statue, st_stairs_1, serial_bayou_lagoon_a
D:2:      fedhas_altar_4
D:3:      cheibriados_altar_1, minmay_misc_feat_tower
D:4:      minmay_temple_entry_water_ring, kennysheep_generic_room_7,
          uniq_edmund, uniq_natasha, uniq_blork_the_orc, uniq_pikel
D:5:      nicolae_overflow_hidden_temple, nicolae_overflow_crystal_walls,
          first_ration
Temple:   minmay_temple_curvy_branch

Skill      XL: |  1  2  3  4  5 |
---------------+----------------+-----
Unarmed Combat | 1 2 3 4 |  4.5
Stealth        | 3 4 |  4.0
Dodging        | 3 |  3.6
Invocations    | 1 |  1.6
Fighting       | 1 |  1.5
Spellcasting   | |  2.0
Summonings     | |  4.6

Action                   |  1- 3 |  4- 6 || total
-------------------------+-------+-------++-------
Melee: Unarmed           |    48 |   106 ||   154
       Bite              |     7 |     7 ||    14
 Cast: Summon Small Mamm |    21 |     7 ||    28
       Call Canine Famil |     5 |    11 ||    16
Evoke: Wand              |       |     3 ||     3
 Stab: Sleeping          |    12 |    12 ||    24
       Distracted        |     2 |     2 ||     4
  Eat: Chunk             |     6 |    11 ||    17
Armor: Skin              |     6 |     2 ||     8
Dodge: Dodged            |    26 |    72 ||    98

Table legend:
 A = Spawn XP
 B = Non-spawn XP
 C = Spawn XP percentage of total XP
 D = Spawn monster count
 E = Non-spawn monster count
 F = Spawn count percentage of total count
 G = Total turns spent on level
                    A         B        C        D         E        F      G
               +---------+---------+-------+---------+---------+-------+---------
         Total |       0 |     527 |   0.0 |       0 |      72 |   0.0 |  2630
               +---------+---------+-------+---------+---------+-------+---------
           D:1 |       0 |      21 |   0.0 |       0 |      12 |   0.0 |   456
           D:2 |       0 |      69 |   0.0 |       0 |      25 |   0.0 |   628
           D:3 |       0 |      43 |   0.0 |       0 |      18 |   0.0 |   459
           D:4 |       0 |     362 |   0.0 |       0 |      14 |   0.0 |   728
           D:5 |       0 |      32 |   0.0 |       0 |       3 |   0.0 |   113
               +---------+---------+-------+---------+---------+-------+---------
